 Dungeon Crawl Stone Soup version 0.28.0 (webtiles) character file.

Game seed: 2159592634610463506

5747 belegose the Skirmisher (level 10, -2/74 HPs)
             Began as a Demonspawn Arcane Marksman on Feb 7, 2022.
             Was an Initiate of Hepliaklqana.
             Slain by a sphinx (5 damage)
             ... while paralysed by a sphinx
             ... on level 10 of the Dungeon.
             The game lasted 00:39:10 (11839 turns).

belegose the Skirmisher (DsAM)                     Turns: 11839, Time: 00:39:11

Health: -2/74      AC: 10    Str: 12    XL:     10   Next: 49%
Magic:  16/16      EV:  2    Int: 16    God:    Hepliaklqana [......]
Gold:   37         SH:  0    Dex: 15    Spells: 9/17 levels left

rFire   . . .      SeeInvis .   C - +2 hand axe (elec)
rCold   . . .      Faith    .   q - +0 buckler
rNeg    . . .      Spirit   .   t - +1 leather armour of Lugonu's Delight {rPois Slay+3}
rPois   +          Reflect  .   (helmet restricted)
rElec   .          Harm     .   Q - +0 cloak
rCorr   +          Rampage  .   v - +2 pair of gloves
Will    .....                   x - +0 pair of boots
Stlth   ++........              (no amulet)
HPRegen 0.22/turn               p - ring of resist corrosion
MPRegen 0.15/turn               (no ring)

@: paralysed, mighty
A: horns 1, sharp scales 1, condensation shield
a: Renounce Religion


You were on level 10 of the Dungeon.
You worshipped Hepliaklqana.
Hepliaklqana was noncommittal.
You visited 2 branches of the dungeon, and saw 11 of its levels.

You collected 393 gold pieces.
You spent 356 gold pieces at shops.

Inventory:

Hand Weapons
 o - a +1 mace of draining
 y - a +0 broad axe
 z - a +0 quarterstaff
 C - a +2 hand axe of electrocution (weapon)
 M - a +1 scimitar of distortion
 O - the +12 great sword of Painful Death {vamp, rC+ Str+7 Dex-3 SInv}
   (You found it on level 6 of the Dungeon)

   It occasionally heals its wielder for a portion of the damage dealt when it
   wounds a living foe.
   Str:       It affects your strength (+7).
   Dex:       It affects your dexterity (-3).
   rC:        It protects you from cold.
   SInv:      It lets you see invisible.
Missiles
 b - 5 javelins
 c - 5 throwing nets
 d - 318 stones
 h - 12 poisoned darts
 r - 72 bolts
 D - 4 boomerangs (quivered)
 K - a curare-tipped dart
Armour
 q - a +0 buckler (worn)
 t - the +1 leather armour of Lugonu's Delight (worn) {rPois Slay+3}
   (You found it on level 5 of the Dungeon)

   Slay:      It affects your accuracy & damage with ranged weapons and melee
   (+3).
   rPois:     It protects you from poison.
 v - a +2 pair of gloves (worn)
 x - a +0 pair of boots (worn)
 L - +0 acid dragon scales
 Q - a +0 cloak (worn)
Magical Staves
 J - a staff of air
Jewellery
 p - a ring of resist corrosion (left hand)
Wands
 u - a wand of paralysis (7)
 N - a wand of digging (5)
 P - a wand of flame (26)
Scrolls
 a - a scroll of magic mapping {unknown}
 g - 4 scrolls of blinking
 i - a scroll of identify
 l - a scroll of torment {unknown}
 m - 3 scrolls of enchant armour {unknown}
 n - a scroll of fog
 B - 2 scrolls of vulnerability {unknown}
 E - 2 scrolls of teleportation
 G - a scroll of fear {unknown}
 I - a scroll of brand weapon {unknown}
Potions
 e - 2 potions of lignification
 f - a potion of haste
 j - 3 potions of heal wounds
 w - a potion of curing
 A - 2 potions of flight
 H - 3 potions of invisibility


   Skills:
 - Level 5.5 Fighting
 - Level 0.9 Long Blades
 - Level 4.0(4.2) Axes
 - Level 1.8(3.1) Maces & Flails
 - Level 5.3 Throwing
 - Level 5.3 Dodging
 + Level 4.2 Stealth
 - Level 4.0 Shields
 - Level 4.1 Spellcasting
 - Level 3.0 Hexes
 + Level 2.2 Summonings
 + Level 5.5 Ice Magic
 + Level 4.2 Evocations


You had 9 spell levels left.
You knew the following spells:

 Your Spells              Type           Power      Damage    Failure   Level
a - Slow                  Hex            48%        N/A       9%          1
b - Frozen Ramparts       Ice            42%        1d6       9%          3
c - Summon Ice Beast      Ice/Summ       15%        N/A       50%         4

Your spell library contained the following spells:

 Spells                   Type           Power      Damage    Failure   Level
 Confusing Touch          Hex            12%        N/A       24%         3
 Inner Flame              Hex/Fire       8%         N/A       41%         3
 Portal Projectile        Hex/Tloc       16%        N/A       41%         3
 Ignite Poison            Fire/Tmut/Pois 3%         N/A       63%         3
 Mephitic Cloud           Conj/Pois/Air  3%         N/A       63%         3
 Vampiric Draining        Necr           3%         2d6       63%         3
 Cause Fear               Hex            6%         N/A       63%         4
 Ice Form                 Ice/Tmut       12%        N/A       65%         4
 Passage of Golubria      Tloc           3%         N/A       95%         4
 Freezing Cloud           Conj/Ice/Air   4%         6-21      98%         5
 Silence                  Hex/Air        4%         N/A       99%         5
 Dispersal                Tloc           1%         N/A       100%        6
 Disjunction              Tloc           1%         N/A       100%        8
 Lehudib's Crystal Spear  Conj/Erth      1%         10d2      100%        8


Dungeon Overview and Level Annotations

Branches:
Dungeon (10/15)            Temple (1/1) D:6             Orc (0/2) D:9
   Lair: D:8-11

Altars:
Ashenzari
Cheibriados
Dithmenos
Elyvilon
Fedhas
Gozag
Hepliaklqana
Kikubaaqudgha
Makhleb
Nemelex Xobeh
Okawaru
Qazlal
Ru
Sif Muna
Trog
Uskayaw
Wu Jian
Xom
Yredelemnul
Zin
The Shining One

Shops:
D:6 **   D:10 ?

Annotations:
D:5 3 runed translucent doors, exclusion: 3 doors, Theoretic's ghost, weakling DDDe


Innate Abilities, Weirdness & Mutations

You have a pair of small horns on your head.
You are partially covered in razor-sharp scales. (AC +1, Slay +1)
A meltable shield of frost defends you. (SH +4)


Message History

There is an open door, spattered with blood here.
The sphinx casts a spell.
You suddenly lose the ability to move!
The sphinx hits you!
The sphinx hits you but does no damage. x2
You can move again.
Things that are here:
25 arrows; a +0 shortbow; a centaur skeleton
Items here: ( ) [ †.
There is an escape hatch in the ceiling here.
Aiming: Paralyse
Press: ? - help, Shift-Dir - straight line, f - sphinx
Aim: a sphinx (chance to affect: 25%)
Okay, then.
Okay, then.
Unknown command.
You feel very mighty all of a sudden. You block the sphinx's attack.
The sphinx hits you! You block the sphinx's attack.
You slash the sphinx! You headbutt the sphinx!
The sphinx is moderately wounded.
The sphinx hits you. x3
You hit the sphinx. Your headbutt misses the sphinx.
The sphinx is moderately wounded.
The sphinx casts a spell.
You suddenly lose the ability to move!
The sphinx casts a spell.
You shrug off the repeated paralysis!
The sphinx hits you. x2
The sphinx hits you but does no damage. The sphinx hits you!
The sphinx hits you but does no damage. The sphinx hits you.
The sphinx hits you.
* * * LOW HITPOINT WARNING * * *
The sphinx hits you!
* * * LOW HITPOINT WARNING * * *
The sphinx hits you!
* * * LOW HITPOINT WARNING * * *
The sphinx hits you.
* * * LOW HITPOINT WARNING * * *
The sphinx hits you.
You die...

#..#PD..♣..P.##
#.....♣.⌠♣.....
##########..#.......P.##
#....[......#...♣.....#
#.........#.#......♣..#
#.........#.#..♣W..♣♣.#
#.........#.#####.## ##
#.........#.# ##.#.#
#......@..'.###.#.#.#
#......H..#.##.##.##.#
#......(..#.#.## [W #.#
#.........#...# #|. ...
#.........#H#.# )##.#.
#######'###.##.# ##.# .
#.###.# #.# #.# ##...H.#
#.#.#
#..##..#####.######


You could see a sphinx.

Vanquished Creatures
  A centaur warrior (D:8)
  Maggie (D:6)
  A troll (D:10)
  A hornet (D:9)
  Grinder (D:6)
  4 yaks
  2 acid dragons
  A water moccasin (D:8)
  3 ice beasts
  4 orc warriors
  Duvessa (D:6)
  A hornet zombie (D:8)
  2 sky beasts (D:7)
  A black bear (D:7)
  An ogre (D:5)
  3 centaurs (D:10)
  A phantom (D:6)
  2 kobold brigands
  2 bullfrogs
  A gnoll sergeant (D:8)
  2 scorpions (D:5)
  2 water moccasin zombies
  Dowan (D:6)
  10 killer bees
  A howler monkey (D:9)
  2 centaur zombies
  A hound (D:4)
  2 centaur skeletons
  A jelly (D:7)
  A gnoll shaman (D:5)
  2 orc priests
  Crazy Yiuf (D:6)
  2 iguanas (D:5)
  6 orc wizards
  A killer bee zombie (D:8)
  10 gnolls
  A howler monkey skeleton (D:5)
  2 adders
  2 shadow imps
  An adder skeleton (D:4)
  2 worms
  A dart slug (D:3)
  41 orcs
  10 ball pythons
  10 endoplasms
  4 giant cockroaches
  5 goblins
  9 hobgoblins
  2 jackals (D:1)
  19 kobolds
  6 quokkas
  6 bats
  4 frilled lizards
  6 rats
210 creatures vanquished.

Vanquished Creatures (others)
  7 fungi (D:10)
  39 plants
46 creatures vanquished.

Grand Total: 256 creatures vanquished

Notes
Turn   | Place    | Note
-------+----------+-------------------------------------------
     0 | D:1      | belegose the Demonspawn Arcane Marksman began the quest for
                  | the Orb.
     0 | D:1      | Reached XP level 1. HP: 15/15 MP: 2/2
   429 | D:1      | Gained mutation: You have a pair of small horns on your
                  | head. [demonic ancestry]
   429 | D:1      | Reached XP level 2. HP: 19/21 MP: 3/3
  1694 | D:1      | Reached XP level 3. HP: 17/27 MP: 4/4
  2297 | D:2      | Found a faded altar of an unknown god.
  2498 | D:2      | Reached XP level 4. HP: 30/33 MP: 5/5
  2923 | D:3      | Reached skill level 1 in Maces & Flails
  3533 | D:4      | Found a stormy altar of Qazlal.
  3730 | D:4      | Gained mutation: A meltable shield of frost defends you.
                  | (SH +4) [demonic ancestry]
  3730 | D:4      | Reached XP level 5. HP: 14/39 MP: 6/6
  4596 | D:5      | Entered Level 5 of the Dungeon
  4651 | D:5      | Noticed an ogre
  4697 | D:5      | Gained mutation: You are partially covered in razor-sharp
                  | scales. (AC +1, Slay +1) [demonic ancestry]
  4697 | D:5      | Reached XP level 6. HP: 47/47 MP: 7/7
  4706 | D:5      | Reached skill level 1 in Axes
  4730 | D:5      | Learned a level 3 spell: Frozen Ramparts
  4778 | D:5      | Identified the +1 leather armour of Lugonu's Delight {rPois
                  | Slay+3}
  4806 | D:5      | Found a runed translucent gate.
  4807 | D:5      | Found a runed translucent gate.
  4807 | D:5      | Found a runed translucent gate.
  4824 | D:5      | Noticed an ice beast
  5039 | D:5      | Killed an ice beast
  5040 | D:5      | Reached skill level 1 in Ice Magic
  5040 | D:5      | Reached XP level 7. HP: 52/52 MP: 7/9
  5363 | D:5      | Noticed Theoretic's ghost (weakling DDDe)
  5383 | D:6      | Noticed Grinder
  5384 | D:6      | Paralysed by Grinder for 6 turns
  5489 | D:6      | Noticed Maggie
  5633 | D:6      | Paralysed by Grinder for 3 turns
  5704 | D:6      | Paralysed by Grinder for 4 turns
  5712 | D:6      | Killed Grinder
  5713 | D:6      | Reached XP level 8. HP: 41/60 MP: 11/11
  5824 | D:6      | Found Fiuraut's General Store.
  5863 | D:6      | Bought a scroll of identify for 22 gold pieces
  5961 | D:6      | Noticed Dowan
  6034 | D:6      | Found Vyll's CLEARANCE SALE!.
  6043 | D:6      | Bought a scroll of identify for 4 gold pieces
  6043 | D:6      | Bought a potion of lignification for 6 gold pieces
  6383 | D:7      | Found a hazy altar of Hepliaklqana.
  7078 | D:7      | Reached skill level 5 in Fighting
  7306 | D:8      | Found a snail-covered altar of Cheibriados.
  7306 | D:8      | Found a basalt altar of Yredelemnul.
  7306 | D:8      | Found a hide-covered altar of Uskayaw.
  7351 | D:8      | Reached skill level 5 in Throwing
  7351 | D:8      | Reached skill level 5 in Dodging
  7360 | D:8      | Reached XP level 9. HP: 41/68 MP: 14/14
  8043 | D:8      | Reached skill level 1 in Shields
  8355 | D:8      | Noticed a centaur warrior
  8373 | D:8      | Killed a centaur warrior
  8374 | D:8      | Reached skill level 1 in Stealth
  8374 | D:8      | Reached skill level 1 in Evocations
  9264 | D:9      | Found a staircase to the Orcish Mines.
  9316 | D:9      | Reached XP level 10. HP: 74/74 MP: 16/16
  9918 | D:9      | Found a sacrificial altar of Ru.
  9921 | D:9      | Found an ancient bone altar of Kikubaaqudgha.
  9991 | D:9      | Found an iron altar of Okawaru.
 10104 | D:9      | Reached skill level 5 in Ice Magic
 10243 | D:9      | Learned a level 4 spell: Summon Ice Beast
 10394 | D:6      | Killed Maggie
 10427 | D:6      | Identified the +12 great sword of Painful Death {vamp, rC+
                  | Str+7 Dex-3 SInv}
 10458 | D:6      | Found a runed translucent door.
 10459 | D:6      | Noticed Crazy Yiuf
 10466 | D:6      | Killed Crazy Yiuf
 10700 | D:6      | Noticed Duvessa
 10709 | D:6      | Killed Duvessa
 10710 | D:6      | Reached skill level 1 in Summonings
 10715 | D:6      | Killed Dowan
 10739 | D:6      | Found a staircase to the Ecumenical Temple.
 10762 | Temple   | Entered the Ecumenical Temple
 10924 | D:7      | Became a worshipper of Hepliaklqana the Forgotten
 10998 | D:10     | Entered Level 10 of the Dungeon
 11063 | D:10     | Found Kiwoafaq's Magic Scroll Shop.
 11073 | D:10     | Bought a scroll of fog for 26 gold pieces
 11073 | D:10     | Bought a scroll of identify for 26 gold pieces
 11073 | D:10     | Bought a scroll of noise for 13 gold pieces
 11073 | D:10     | Bought a scroll of blinking for 97 gold pieces
 11073 | D:10     | Bought a scroll of identify for 26 gold pieces
 11073 | D:10     | Bought a scroll of blinking for 97 gold pieces
 11073 | D:10     | Bought a scroll of teleportation for 39 gold pieces
 11096 | D:10     | Found a broken altar of Ashenzari.
 11105 | D:10     | Found a shimmering altar of Xom.
 11560 | D:10     | Noticed a flayed ghost
 11816 | D:10     | Noticed a sphinx
 11826 | D:10     | Paralysed by a sphinx for 4 turns
 11835 | D:10     | Paralysed by a sphinx for 7 turns
 11839 | D:10     | HP: 3/74 [sphinx (2)]
 11839 | D:10     | Slain by a sphinx

Illustrated notes

Levels and vault maps discovered:
D:1:      lemuel_arrival_broad_hall, layout_loops_ring, serial_forest,
          infiniplex_forest_end_3, infiniplex_forest_clump_small,
          infiniplex_forest_lined_corner, infiniplex_forest_lined_room_3,
          infiniplex_forest_clump_large, infiniplex_forest_lined_1,
          serial_bayou_crossing
D:2:      layout_rooms, chequers_ecumenical_altar_simple, dk_noncrumbling_3
D:3:      layout_loops_ring, lexackson_kobold_supper
D:4:      layout_loops_ring, mainiacjoe_overflow_brackets,
          kennysheep_small_circle
D:5:      layout_rooms, ebering_ghost_rock_garden
D:6:      layout_basic, minmay_temple_entry_nine_rooms, serial_shops, shop,
          corexii_hall_statues_i, amcnicky_mini_pool_small,
          nicolae_shop_clearance, uniq_crazy_yiuf_cottage, uniq_maggie,
          uniq_grinder, uniq_duvessa
D:7:      layout_loops_corners, mainiacjoe_overflow_surrounded_room,
          kennysheep_nondescript, moated_statue, ebering_dispersal_statue_hall
D:8:      layout_loops_cross, chequers_temple_overflow_statue_of_worship
D:9:      layout_rooms, okawaru_ov_weapons_minmay,
          grunt_temple_overflow_diamond, hiddenorc2_lemuel
D:10:     layout_roguey, gammafunk_temple_overflow_forgotten,
          grunt_lair_entry_orc_guard_hut, serial_shops, shop,
          minmay_the_grid_2x2 [minmay_the_grid_outer_circle,
          minmay_the_grid_broken_lines, minmay_the_grid_garden,
          minmay_the_grid_prize_diamond_cup]
Temple:   cyrus_temple_forest

Skill      XL: |  1  2  3  4  5  6  7  8  9 10 |
---------------+-------------------------------+-----
Throwing       | 2 3 4 5 |  5.3
Dodging        | 2 3 4 5 |  5.3
Fighting       | 2 3 4 5 |  5.5
Maces & Flails | 1 |  1.8
Axes           | 1 2 3 4 |  4.0
Ice Magic      | 1 2 3 4 5 |  5.5
Spellcasting   | 2 3 4 |  4.1
Shields        | 4 |  4.0
Stealth        | 2 4 |  4.2
Evocations     | 2 4 |  4.2
Summonings     | 2 |  2.2
Long Blades    | |  0.9
Hexes          | |  3.0

Action                   |  1- 3 |  4- 6 |  7- 9 | 10-12 || total
-------------------------+-------+-------+-------+-------++-------
Melee: Long sword        |    71 |       |       |       ||    71
       Headbutt          |     9 |    21 |    37 |    15 ||    82
       Punch             |     1 |     1 |     2 |       ||     4
       Mace              |    48 |   114 |    10 |       ||   172
       Hand axe          |       |    27 |   224 |   100 ||   351
Throw: Stone             |    46 |       |       |       ||    46
       Dart              |       |    12 |    16 |    21 ||    49
       Javelin           |       |       |     4 |     1 ||     5
       Boomerang         |       |       |     3 |     6 ||     9
 Cast: Frozen Ramparts   |       |       |       |     5 ||     5
  Use: Scroll            |       |       |     8 |     4 ||    12
       Potion            |       |       |       |     1 ||     1
 Stab: Sleeping          |     3 |     1 |       |       ||     4
       Distracted        |       |       |       |     1 ||     1
Armor: Robe              |    33 |    54 |       |       ||    87
       Leather armour    |       |     3 |    81 |    48 ||   132
Dodge: Dodged            |    88 |    99 |   153 |    84 ||   424
Block: Other             |       |    12 |    16 |       ||    28
       Buckler           |       |       |    55 |    65 ||   120
